 Dungeon Crawl Stone Soup version 0.30.0-29-ga12c61a403 (webtiles) character file.

Game seed: 2043811642991741964

1925 Destapler the Cutter (level 8, 0/117 (118) HPs)
             Began as a Troll Berserker on June 23, 2023.
             Was a Priest of Trog.
             Engulfed by a steam dragon's steam (2 damage)
             ... on level 7 of the Dungeon.
             The game lasted 00:17:39 (5470 turns).

Destapler the Cutter (Troll Berserker)              Turns: 5470, Time: 00:17:41

HP:   0/117 (118)   AC:  5    Str: 35    XL:     8   Next: 96%
MP:   7/7           EV: 10    Int:  3    God:    Trog [***...]
Gold: 180           SH:  0    Dex:  9    Spells: 7/7 levels left

rFire   . . .        a - +5 dagger of Indomitability {freeze, *Noise Str+7 SInv}
rCold   . . .        (no shield)
rNeg    . . .        j - +1 animal skin
rPois   .            (helmet restricted)
rElec   .            (no cloak)
rCorr   .            (gloves unavailable)
SInv    +            (boots unavailable)
Will    .....        (no amulet) Stlth
                     o - ring of flight
HPRegen 1.19/turn    (no ring)
MPRegen 0.10/turn

%: no passive effects
@: berserking, flying, lightly drained, very quick
A: large, unfitting armour, claws 3, regeneration 1, shaggy fur 1, tough skin 1
a: Renounce Religion, Berserk, Trog's Hand


You were on level 7 of the Dungeon.
You worshipped Trog.
Trog was most pleased with you.
You visited 1 branch of the dungeon, and saw 8 of its levels.

You collected 219 gold pieces.
You spent 39 gold pieces at shops.

Inventory:

Hand Weapons
 a - the +5 dagger of Indomitability (weapon) {freeze, *Noise Str+7 SInv}
   (You found it on level 2 of the Dungeon)

   Str:       It affects your strength (+7).
   SInv:      It lets you see invisible.
   *Noise:    It may make noises in combat.
Missiles
 m - 42 stones (quivered)
 z - 5 curare-tipped darts
 A - 4 large rocks
Armour
 j - a +1 animal skin (worn)
Jewellery
 o - a ring of flight (left claw)
Wands
 b - a wand of flame (20)
Scrolls
 f - 3 scrolls of teleportation
 i - a scroll of vulnerability
Potions
 c - a potion of curing
 d - 3 potions of haste
 q - 2 potions of magic
 t - a potion of brilliance {unknown}
 v - a potion of mutation {unknown}
 w - a potion of heal wounds {unknown}
 B - 2 potions of attraction {unknown}


   Skills:
 + Level 4.5 Fighting
 * Level 5.0 Short Blades
 - Level 3.0 Throwing
 + Level 4.4 Dodging
 + Level 3.9 Shields
 - Level 3.4 Unarmed Combat
 - Level 3.0 Evocations


You had 7 spell levels left.
You didn't know any spells.
Your spell library contained the following spells:

 Spells                   Type           Power      Damage    Failure   Level
 Poisonous Vapours        Pois/Air       0%         N/A       67%         2
 Mephitic Cloud           Conj/Pois/Air  0%         N/A       88%         3
 Leda's Liquefaction      Hex/Erth       0%         N/A       99%         4
 Freezing Cloud           Conj/Ice/Air   0%         6-21      100%        5
 Lee's Rapid Deconstruct  Erth           0%         3d4*      100%        5
 Statue Form              Tmut/Erth      0%         N/A       100%        6


Dungeon Overview and Level Annotations

Branches:
Dungeon (8/15)             Temple (0/1) D:4
   Lair: D:8-11

Altars:
Fedhas

Shops:
D:5 =   D:8 ![


Innate Abilities, Weirdness & Mutations

You are too large for most types of armour.
You have claws for hands.
Your natural rate of healing is unusually fast.
You are covered in fur. (AC +1)
You have tough skin. (AC +1)


Message History

* * * LOW HITPOINT WARNING * * *
Your Short Blades skill increases to level 5!
Unknown command.
Things that are here:
a +2 hand axe of freezing; a +0 robe You hit the steam dragon.
You freeze the steam dragon.
The steam dragon is moderately wounded.
The steam dragon bites you.
* * * LOW HITPOINT WARNING * * *
The steam dragon claws you but does no damage.
You barely miss the steam dragon.
The steam dragon is moderately wounded.
The steam dragon barely misses you.
The steam dragon claws you but does no damage.
You hit the steam dragon but do no damage.
The steam dragon is lightly wounded.
A red film seems to cover your vision as you go berserk!
You feel yourself moving faster!
You feel mighty! The steam dragon bites you!
* * * LOW HITPOINT WARNING * * *
The steam dragon claws you but does no damage.
You barely miss the steam dragon.
The steam dragon is lightly wounded.
The steam dragon breathes steam at you. The ball of steam hits you!
* * * LOW HITPOINT WARNING * * *
You barely miss the steam dragon.
The steam dragon is lightly wounded.
You are engulfed in a cloud of scalding steam.
* * * LOW HITPOINT WARNING * * *
You hit the steam dragon. You freeze the steam dragon.
The steam dragon is heavily wounded.
You are engulfed in a cloud of scalding steam.
* * * LOW HITPOINT WARNING * * *
The steam dragon bites you.
* * * LOW HITPOINT WARNING * * *
The steam dragon completely misses you.
You puncture the steam dragon! You freeze the steam dragon.
The steam dragon is severely wounded.
You are engulfed in a cloud of scalding steam.
You die...

#.......+...>.....+..........
##...####.........####...####
##..............## #..####
###.######.....## #.....#
#...#######...## #####.#
#.........##'############.#
#..######.##§# #........#.#
#..# ####§##.###.######.#.#
#..# #...§§@D.......###.#.#
####..###.##§#§..##.##.......#
#.......z.........#.######.###
#.##..###.####...##.######.#
#.##..###.# ##.###........#
#.##......# #.# ##########
#.###.##### #.# #.###.# #.#
#.....# #.#


You could see a steam dragon (catching breath).

Vanquished Creatures
  A cyclops (D:6)
  Menkaure (D:5)
  Pargi (D:3)
  A black bear (D:5)
  An orc warrior (D:8)
  4 centaurs
  A phantom (D:5)
  A scorpion (D:7)
  4 wights (D:7)
  A gnoll bouda (D:8)
  3 hounds
  2 jellies
  An orc priest (D:5)
  An iguana (D:4)
  3 orc wizards
  5 gnolls (D:8)
  6 adders
  A white imp (D:7)
  2 ufetubi (D:5)
  3 worms
  12 orcs
  4 bats
  6 endoplasms
  A giant cockroach (D:3)
  6 hobgoblins
  3 jackals (D:2)
  11 kobolds
  2 quokkas
  8 ball pythons
  4 frilled lizards
  5 goblins
  9 rats
114 creatures vanquished.

Notes
Turn   | Place    | Note
-------+----------+-------------------------------------------
     0 | D:1      | Destapler the Troll Berserker began the quest for the Orb.
     0 | D:1      | Reached XP level 1. HP: 22/22 MP: 0/0
   168 | D:1      | Found a faded altar of an unknown god.
   193 | D:1      | Reached XP level 2. HP: 29/29 MP: 1/1
   815 | D:2      | Reached ** piety under Trog
   861 | D:2      | Identified the +5 dagger of Indomitability {freeze, *Noise
                  | Str+7 SInv}
   920 | D:2      | Reached XP level 3. HP: 36/36 MP: 2/2
  1806 | D:3      | Noticed Pargi
  1818 | D:3      | Killed Pargi
  1819 | D:3      | Reached skill level 1 in Short Blades
  1819 | D:3      | Reached skill level 1 in Throwing
  1819 | D:3      | Reached skill level 1 in Shields
  1819 | D:3      | Reached skill level 1 in Evocations
  1819 | D:3      | Reached XP level 4. HP: 45/45 MP: 3/3
  1819 | D:3      | Reached XP level 5. HP: 53/53 MP: 4/4
  2348 | D:3      | Found a blossoming altar of Fedhas.
  2420 | D:4      | Reached *** piety under Trog
  2676 | D:4      | Found a staircase to the Ecumenical Temple.
  3294 | D:4      | Reached skill level 2 in Short Blades
  3294 | D:4      | Reached XP level 6. HP: 52/61 MP: 5/5
  3334 | D:4      | Found a staircase to the Ecumenical Temple.
  3577 | D:5      | Entered Level 5 of the Dungeon
  3743 | D:5      | Found Akki's One-of-a-Kind Rings.
  3743 | D:5      | Noticed Menkaure
  3754 | D:5      | Killed Menkaure
  3919 | D:5      | Reached XP level 7. HP: 56/67 MP: 6/6
  4196 | D:5      | Reached skill level 3 in Short Blades
  4711 | D:6      | Noticed a cyclops
  4721 | D:6      | Killed a cyclops
  4722 | D:6      | Reached XP level 8. HP: 59/78 MP: 7/7
  4842 | D:6      | You are sucked into a shaft and drop 2 floors!
  4894 | D:8      | Reached skill level 4 in Short Blades
  4936 | D:8      | Found Lamiuscha's Distillery.
  4940 | D:8      | Bought a potion of curing for 39 gold pieces
  4995 | D:8      | HP: 2/117 [gnoll/+0 halberd[a gnoll bouda] (8)]
  5089 | D:8      | Found Kemize's Antique Armour Emporium.
  5104 | D:8      | Noticed a tengu warrior
  5104 | D:8      | Noticed a tengu warrior
  5462 | D:7      | Reached skill level 5 in Short Blades
  5469 | D:7      | HP: 5/117 [steam dragon] (5)]
  5469 | D:7      | HP: 2/117 [steam dragon (4)]
  5470 | D:7      | Engulfed by a steam dragon's steam

Illustrated notes

Levels and vault maps discovered:
D:1:      saegor_arrival_miasma, layout_basic, chequers_ecumenical_altar_simple,
          kennysheep_another_room, nrook_uturn
D:2:      layout_loops_ring
D:3:      layout_basic, marbit_many_paths, uniq_pargi
D:4:      layout_loops_ring, minmay_temple_entry_tees
D:5:      layout_basic, small_statue_intersection, nicolae_shop_unique_rings,
          uniq_menkaure
D:6:      layout_cave_pods, lemuel_round_altar
D:7:      layout_loops_corners, serial_park_tiny_2
D:8:      layout_loops_cross, enter_bailey_2, serial_shops, shop, shop,
          nicolae_water_bricks

Skill      XL: |  1  2  3  4  5  6  7  8 |
---------------+-------------------------+-----
Fighting       | 3 4 |  4.5
Short Blades   | 1 2 3 5 |  5.0
Throwing       | 1 2 3 |  3.0
Shields        | 1 2 3 |  3.9
Evocations     | 1 2 3 |  3.0
Dodging        | 3 4 |  4.4
Unarmed Combat | |  3.4

Action                     |  1- 3 |  4- 6 |  7- 9 || total
---------------------------+-------+-------+-------++-------
  Melee: Unarmed           |    66 |       |       ||    66
         Dagger            |    52 |   104 |   152 ||   308
         Punch             |     2 |     1 |     3 ||     6
  Throw: Stone             |     1 |    11 |    26 ||    38
         Dart              |       |       |     2 ||     2
 Invoke: Berserk           |     2 |     3 |     7 ||    12
         Trog's Hand       |       |     1 |       ||     1
    Use: Scroll            |       |     3 |    10 ||    13
         Potion            |       |     1 |     5 ||     6
   Stab: Sleeping          |     1 |       |       ||     1
 Armour: Animal skin       |    40 |    20 |    43 ||   103
         Skin              |       |       |    22 ||    22
  Dodge: Dodged            |    63 |    34 |    90 ||   187
